 Dungeon Crawl Stone Soup version 0.27.1-4-g1640c2035a (webtiles) character file.

Game seed: 12642110990095598331

94 Icepheonix32 the Insei (level 4, -3/32 HPs)
             Began as a Demonspawn Transmuter on Nov 6, 2021.
             Slain by an iguana (12 damage)
             ... on level 3 of the Dungeon.
             The game lasted 00:02:22 (2491 turns).

Icepheonix32 the Insei (Demonspawn Transmuter)      Turns: 2491, Time: 00:02:23

Health: -3/32      AC:  3    Str: 11    XL:     4   Next: 38%
Magic:  6/7        EV: 12    Int: 14    God:
Gold:   113        SH:  0    Dex: 14    Spells: 6/7 levels left

rFire    . . .     SeeInvis .     - Unarmed
rCold    . . .     Faith    .   (no shield)
rNeg     . . .     Spirit   .   c - +0 leather armour
rPois    .         Reflect  .   (helmet currently unavailable)
rElec    .         Harm     .   (no cloak)
rCorr    .         Rampage  .   (no gloves)
Will     .....                  (boots currently unavailable)
Stlth    +.........             (no amulet)
HPRegen  0.10/turn              (no ring)
MPRegen  0.10/turn              (no ring)

@: lethally poisoned (-3 -> -9), appendages (expiring)
A: talons 2, claws 1, horns 1
a: End Transformation


You were on level 3 of the Dungeon.
You had temporarily grown beastly talons.
You visited 1 branch of the dungeon, and saw 3 of its levels.

You collected 113 gold pieces.

Inventory:

Armour
 a - a +0 robe
 c - a +0 leather armour (worn)
 h - a +0 scale mail
Wands
 b - a wand of flame (22)
Scrolls
 d - a scroll of fear {unknown}
 f - 2 scrolls of silence
 g - a scroll of enchant weapon {unknown}
 i - a scroll of magic mapping {unknown}
Potions
 e - 2 potions of flight {unknown}
 j - a potion of brilliance {unknown}


   Skills:
 * Level 1.6 Fighting
 + Level 0.4 Armour
 * Level 2.2 Dodging
 * Level 3.9 Unarmed Combat
 + Level 2.2 Spellcasting
 + Level 2.0 Transmutations


You had 6 spell levels left.
You knew the following spells:

 Your Spells              Type           Power      Damage    Failure   Level
a - Beastly Appendage     Tmut           14%        N/A       13%         1

Your spell library contained the following spells:

 Spells                   Type           Power      Damage    Failure   Level
 Wereblood                Tmut           7%         N/A       21%         2
 Animate Skeleton         Necr           2%         N/A       30%         1
 Apportation              Tloc           2%         N/A       30%         1
 Corona                   Hex            1%         N/A       30%         1
 Summon Small Mammal      Summ           4%         N/A       30%         1
 Spider Form              Tmut/Pois      2%         N/A       52%         3
 Call Canine Familiar     Summ           1%         N/A       67%         3
 Gell's Gravitas          Tloc           0%         N/A       67%         3
 Summon Guardian Golem    Hex/Summ       1%         N/A       67%         3
 Teleport Other           Tloc           1%         N/A       67%         3
 Ice Form                 Ice/Tmut       4%         N/A       89%         4
 Dispersal                Tloc           0%         N/A       100%        6


Dungeon Overview and Level Annotations

Branches:
Dungeon (3/15)

Altars:

Annotations:
D:2 1 runed translucent door, Crazy Yiuf


Innate Abilities, Weirdness & Mutations

You have temporarily grown beastly talons.
You have sharp fingernails.
You have a pair of small horns on your head.


Message History

The iguana bites you but does no damage.
There is an open gate here.
You scratch the iguana. You claw the iguana.
The iguana is moderately wounded.
The adder closely misses you. The iguana misses you.
You barely miss the iguana. You claw the iguana, but do no damage.
The iguana is moderately wounded.
The adder closely misses you. The iguana barely misses you.
The adder barely misses you.
You scratch the iguana. You claw the iguana, but do no damage.
You headbutt the iguana.
The iguana is severely wounded.
The iguana bites you. The adder bites you.
You scratch the iguana.
You headbutt the iguana, but do no damage.
The iguana is almost dead.
The adder bites you. The iguana bites you!
You barely miss the iguana.
The iguana is almost dead.
Your transformation is almost over.
The adder bites you. The iguana barely misses you.
You are too injured to fight recklessly!
You are too injured to fight recklessly!
You are too injured to fight recklessly!
You are too injured to fight recklessly!
You are too injured to fight recklessly!
You are too injured to fight recklessly!
You are too injured to fight recklessly!
You are too injured to fight recklessly!
You are too injured to fight recklessly!
You are too injured to fight recklessly!
Unknown command.
You miss the adder. The adder bites you but does no damage.
The iguana bites you but does no damage.
The adder bites you.
You barely miss the adder. Your kick misses the adder. The adder bites you.
* * * LOW HITPOINT WARNING * * *
You are poisoned.
The adder poisons you! The iguana bites you!
You die...

..# #.# #.# .♣..# #.#
#.# ♣.♣..# #.# #.######
..♣..# #.# #.......
♣.♣.♣.. #.# #.######
♣...♣.##.# #...#...
♣.♣..'..#######...#.##
♣...'............#.#
♣.♣.S@.+##..#.#.#.#.##
♣...♣l#.....##.#.......
♣.♣.♣?.#.....##.########
..♣..##.....##.#
♣.♣..##....).##.#
.♣..##.......##.# ♣..#
#.......##.. ..#
#.......# ####.#...


You could see an iguana and an adder.

Vanquished Creatures
  Terence (D:2)
  A gnoll (D:1)
  3 dart slugs (D:1)
  4 orcs (D:3)
  A ball python (D:2)
  6 endoplasms
  4 giant cockroaches
  2 goblins
  6 hobgoblins
  A quokka (D:1)
  5 bats
  3 frilled lizards
  4 kobolds
  4 rats (D:1)
45 creatures vanquished.

Notes
Turn   | Place    | Note
-------+----------+-------------------------------------------
     0 | D:1      | Icepheonix32 the Demonspawn Transmuter began the quest for
                  | the Orb.
     0 | D:1      | Reached XP level 1. HP: 15/15 MP: 3/3
   237 | D:1      | Reached skill level 3 in Unarmed Combat
   251 | D:1      | Gained mutation: You have sharp fingernails. [demonic
                  | ancestry]
   251 | D:1      | Reached XP level 2. HP: 21/21 MP: 3/5
   566 | D:1      | Gained mutation: You have a pair of small horns on your
                  | head. [demonic ancestry]
   566 | D:1      | Reached XP level 3. HP: 26/26 MP: 4/6
   759 | D:1      | Found a faded altar of an unknown god.
  1503 | D:2      | Noticed Terence
  1508 | D:2      | Killed Terence
  1509 | D:2      | Reached XP level 4. HP: 24/32 MP: 5/7
  1752 | D:2      | Found a runed translucent door.
  1753 | D:2      | Noticed Crazy Yiuf
  2491 | D:3      | Slain by an iguana

Illustrated notes

Levels and vault maps discovered:
D:1:      saegor_arrival_simple_a, layout_basic,
          dreamdust_ecumenical_altar_angels_and_demons, roderic_lattice_a,
          minmay_misc_feat_nine_boxes, serial_bayou_pond_a, minivault_27,
          amethyst_killhole
D:2:      layout_loops_ring, kennysheep_generic_room_14,
          uniq_crazy_yiuf_cottage, uniq_terence
D:3:      layout_basic, chequers_arboretum, chequers_jeans,
          grunt_decor_one_mirror, kennysheep_cluttered_room, grunt_ministairs_14

Skill      XL: |  1  2  3 |
---------------+----------+-----
Unarmed Combat | 3 |  3.9
Dodging        | 2 |  2.2
Transmutations | 2 |  2.0
Fighting       | |  1.6
Armour         | |  0.4
Spellcasting   | |  2.2

Action                   |  1- 3 |  4- 6 || total
-------------------------+-------+-------++-------
Melee: Unarmed           |    72 |    45 ||   117
       Kick              |    14 |     5 ||    19
       Headbutt          |     7 |     7 ||    14
 Cast: Beastly Appendage |    26 |     6 ||    32
  Use: Scroll            |     2 |     1 ||     3
       Potion            |     1 |       ||     1
Armor: Robe              |     6 |       ||     6
       Leather armour    |     8 |    13 ||    21
Dodge: Dodged            |    29 |    34 ||    63
